 Dungeon Crawl Stone Soup version 0.26.0-15-gc6cd9f7 (webtiles) character file.

Game seed: 7316652879934310976

121 bonscott the Grasshopper (level 4, -2/33 HPs)
             Began as a Vampire Warper on Jan 24, 2021.
             Slain by a scorpion (4 damage)
             ... on level 3 of the Dungeon.
             The game lasted 00:11:05 (2077 turns).

bonscott the Grasshopper (Vampire Warper)           Turns: 2077, Time: 00:11:06

Health: -2/33      AC:  4    Str: 11    XL:     4   Next: 77%
Magic:  7/7        EV: 12    Int: 15    God:
Gold:   72         SH:  0    Dex: 13    Spells: 5/7 levels left

rFire    . . .     SeeInvis +   a - +0 falchion
rCold    . . .     Faith    .   (no shield)
rNeg     . . .     Spirit   .   b - +0 leather armour
rPois    .         Reflect  .   (no helmet)
rElec    .         Harm     .   (no cloak)
rCorr    .         Rampage  .   m - +0 pair of gloves
Will     .....                  (no boots)
Stlth    ++........             (no amulet)
HPRegen  0.31/turn              (no ring)
MPRegen  0.10/turn              (no ring)

@: lethally poisoned (-2 -> -20), regenerating quickly
A: fangs 3, see invisible, unbreathing
a: Exsanguinate


You were on level 3 of the Dungeon.
You visited 1 branch of the dungeon, and saw 3 of its levels.

You collected 72 gold pieces.

Inventory:

Hand Weapons
 a - a +0 falchion (weapon)
Missiles
 e - 5 boomerangs of dispersal (quivered)
 j - 36 arrows
 F - 68 stones
Armour
 b - a +0 leather armour (worn)
 m - a +0 pair of gloves (worn)
 o - a +0 ring mail
Jewellery
 r - an uncursed amulet of faith {unknown}
Wands
 n - a wand of digging (7)
Scrolls
 d - 2 scrolls of blinking
 f - a scroll of amnesia {unknown}
 g - 2 scrolls of remove curse
 i - 4 scrolls of teleportation
 k - 3 scrolls of identify
 l - a scroll of enchant armour {unknown}
 q - a scroll of fear {unknown}
 s - a scroll of fog {unknown}
Potions
 c - a potion of curing {unknown}
 h - 2 potions of heal wounds
 p - a potion of degeneration {unknown}


   Skills:
 + Level 2.2 Fighting
 + Level 2.5 Long Blades
 + Level 1.3 Throwing
 + Level 1.4 Armour
 + Level 2.7 Dodging
 + Level 2.3 Stealth
 + Level 2.4 Spellcasting
 + Level 2.8 Translocations


You had 5 spell levels left.
You knew the following spells:

 Your Spells              Type           Power        Failure   Level
q - Blink                 Tloc           N/A          13%         2

Your spell library contained the following spells:

 Spells                   Type           Power        Failure   Level
 Gell's Gravitas          Tloc           5%           26%         3
 Lesser Beckoning         Tloc           5%           26%         3
 Teleport Other           Tloc           10%          26%         3
 Passage of Golubria      Tloc           N/A          65%         4


Dungeon Overview and Level Annotations

Branches:
Dungeon (3/15)

Altars:
Elyvilon
Hepliaklqana


Innate Abilities, Weirdness & Mutations

Your natural rate of healing is unusually fast.
You have razor-sharp teeth.
You have supernaturally acute eyesight. (SInv)
You can survive without breathing.


Message History

The scorpion is moderately wounded.
You feel sick. The scorpion stings you.
You are too injured to fight recklessly!
You are too injured to fight recklessly!
You feel sick.
You feel sick.
You hit the scorpion but do no damage.
The scorpion is moderately wounded.
You feel sick. The scorpion stings you.
* * * LOW HITPOINT WARNING * * *
You are more poisoned.
The scorpion poisons you!
You slash the scorpion!
The scorpion is severely wounded.
* * * LOW HITPOINT WARNING * * *
You feel sick. The scorpion closely misses you.
You riposte.
You hit the scorpion but do no damage. Your bite misses the scorpion.
The scorpion is severely wounded.
The scorpion stings you.
You die...

#.............
#.............
#.............
#.....#.......
#.....#.......
##.....#.....#.#
#................
#.....s..........
#.....@..........
####.##..........
#.
#............B...
#.
#...........[....
##
#..#.....#.......
#................
#................
#................
###................


You could see a scorpion.

Vanquished Creatures
  A howler monkey (D:2)
  A gnoll (D:2)
  2 adders (D:2)
  A worm (D:2)
  2 leopard geckos (D:1)
  An orc (D:3)
  2 bats
  4 giant cockroaches
  3 hobgoblins (D:1)
  6 jackals
  4 quokkas
  A ball python (D:2)
  5 frilled lizards
  5 goblins (D:1)
  4 kobolds
  7 rats
49 creatures vanquished.

Vanquished Creatures (others)
  A ball python (D:2)
  A hobgoblin (D:2)
  A frilled lizard (D:2)
  A rat (D:2)
4 creatures vanquished.

Grand Total: 53 creatures vanquished

Notes
Turn   | Place    | Note
-------+----------+-------------------------------------------
     0 | D:1      | bonscott the Vampire Warper began the quest for the Orb.
     0 | D:1      | Reached XP level 1. HP: 16/16 MP: 3/3
    98 | D:1      | Reached XP level 2. HP: 19/22 MP: 5/5
   216 | D:1      | Reached skill level 1 in Armour
   284 | D:1      | Reached skill level 1 in Stealth
   292 | D:1      | Reached skill level 1 in Throwing
   553 | D:2      | Found a white marble altar of Elyvilon.
   792 | D:2      | Reached XP level 3. HP: 9/27 MP: 6/6
   893 | D:2      | Learned a level 2 spell: Blink
  1151 | D:2      | Reached XP level 4. HP: 14/33 MP: 7/7
  1286 | D:2      | Found a hazy altar of Hepliaklqana.
  2077 | D:3      | Slain by a scorpion

Illustrated notes

Levels and vault maps discovered:
D:1:      psy_arrival_dodecagon, layout_rooms, minmay_misc_feat_tower
D:2:      layout_rooms, nicolae_overflow_hidden_temple, elyvilon_altar_4,
          minmay_pentomino_x4
D:3:      layout_basic

Skill      XL: |  1  2  3 |
---------------+----------+-----
Armour         | 1 |  1.4
Stealth        | 1 2 |  2.3
Fighting       | 2 |  2.2
Throwing       | 1 |  1.3
Long Blades    | |  2.5
Dodging        | |  2.7
Spellcasting   | |  2.4
Translocations | |  2.8

Action                   |  1- 3 |  4- 6 || total
-------------------------+-------+-------++-------
Melee: Falchion          |   116 |    62 ||   178
       Bite              |    10 |     6 ||    16
Throw: Stone             |    22 |     4 ||    26
  Use: Scroll            |     1 |     2 ||     3
 Stab: Sleeping          |     1 |     2 ||     3
Armor: Leather armour    |    24 |    11 ||    35
Dodge: Dodged            |    83 |    47 ||   130
       Rpst.: Falchion   |    22 |    17 ||    39
